 Dungeon Crawl Stone Soup version 0.31.0-11-ge490571c62 (webtiles) character file.

Game seed: 12815778648388067652

214 hawla the Charlatan (level 5, -1/30 HPs)
             Began as a Deep Elf Fire Elementalist on Feb 6, 2024.
             Slain by a kobold brigand
             ... wielding a +0 club
              (2 damage)
             ... on level 3 of the Dungeon.
             The game lasted 00:07:36 (2124 turns).

hawla the Charlatan (Deep Elf Fire Elementalist)    Turns: 2124, Time: 00:07:37

Health: -1/30      AC:  2    Str:  5    XL:     5   Next: 60%
Magic:  1/11       EV: 12    Int: 22    God:
Gold:   136        SH:  0    Dex: 15    Spells: 3/10 levels left

rFire   + . .        e - staff of fire
rCold   . . .        (no shield)
rNeg    . . .        a - +0 robe
rPois   .            (no helmet)
rElec   .            (no cloak)
rCorr   .            (no gloves)
SInv    .            (no boots)
Will    .....        (no amulet)
Stlth   +++          (no ring)
HPRegen 0.25/turn    (no ring)
MPRegen 0.12/turn

%: no passive effects
@: lethally poisoned (-1 -> -10), slowed, very slow
A: no striking features
a: no special abilities


You were on level 3 of the Dungeon.
You visited 1 branch of the dungeon, and saw 3 of its levels.

You collected 136 gold pieces.

Inventory:

Armour
 a - a +0 robe (worn)
Magical Staves
 e - a staff of fire (weapon)
Wands
 j - a wand of charming (8) (quivered)
Scrolls
 c - a scroll of teleportation
 f - a scroll of amnesia
 g - 3 scrolls of fog
 h - 2 scrolls of enchant weapon
 k - a scroll of poison
Potions
 b - a potion of invisibility
 d - a potion of ambrosia {unknown}
 l - a potion of haste {unknown}
 m - a potion of enlightenment {unknown}


   Skills:
 - Level 2.0 Fighting
 - Level 2.4 Dodging
 - Level 4.0 Stealth
 - Level 3.0 Spellcasting
 - Level 1.1 Conjurations
 - Level 3.2 Fire Magic
 + Level 4.4 Evocations


You had 3 spell levels left.
You knew the following spells:

 Your Spells              Type           Power      Damage    Failure   Level
a - Foxfire               Conj/Fire      76%        2x1d7     4%          1
b - Scorch                Fire           52%        2d7       4%          2
c - Flame Wave            Conj/Fire      19%        2d7       45%         4

Your spell library contained the following spells:

 Spells                   Type           Power      Damage    Failure   Level
 Cigotuvi's Dreadful Rot  Necr/Alch/Air  6%         N/A       19%         2
 Inner Flame              Hex/Fire       15%        N/A       19%         3
 Volatile Blastmotes      Fire/Tloc      30%        2d12      19%         3
 Ignite Poison            Fire/Alch      15%        N/A       54%         4
 Freezing Cloud           Conj/Ice/Air   2%         6-21      96%         5


Dungeon Overview and Level Annotations

Branches:
Dungeon (3/15)

Altars:


Message History

Casting: Foxfire (safe; 4% risk of failure)
Confirm with . or Enter, or press ? or * to list all spells.
You feel a surge of power!
You conjure some foxfire!
The foxfire hits the kobold but does no damage.
The foxfire hits the kobold.
You kill the kobold!
Your foxfire dissipates!
Your foxfire dissipates!
A kobold brigand comes into view.
It is wielding a +0 club and quivering curare-tipped darts.
A kobold brigand is nearby!
Casting: Foxfire (safe; 4% risk of failure)
Confirm with . or Enter, or press ? or * to list all spells.
You feel a surge of power!
You conjure some foxfire!
The kobold brigand shouts!
Casting: Foxfire (safe; 4% risk of failure)
Confirm with . or Enter, or press ? or * to list all spells.
You don't have enough magic to cast this spell.
The foxfire hits the kobold brigand.
The kobold brigand is moderately wounded.
The foxfire hits the kobold brigand but does no damage.
The kobold brigand is moderately wounded.
The kobold brigand throws a curare-tipped dart.
The curare-tipped dart hits you.
You are poisoned.
You have difficulty breathing.
You feel yourself slow down.
You feel sick.
The kobold brigand throws a curare-tipped dart.
The curare-tipped dart hits you.
You are more poisoned.
You have difficulty breathing.
You feel as though you will be slow longer.
You feel extremely sick.
The kobold brigand hits you with a +0 club.
* * * LOW HITPOINT WARNING * * *
You closely miss the kobold brigand.
The kobold brigand is moderately wounded.
* * * LOW HITPOINT WARNING * * *
You feel very sick.
The kobold brigand hits you with a +0 club.
You die...

############### ########.....##
########.###.##******
*********##########.###...,,,,<*
,,,,,,,,,...>######.######******
***********#........#.....,* *
*,,,..#........#.####,*
******,*,...........#.####.#
**,,,,,*,#.....)@...#.####.#
**,*****,#..##).K.#.#.####.###***
**,*,,,,,...##.K#.............,,*
**,,,,,,,#,.##..#~..#.#...#####,*
,,,,,*,,,,,.##..#~~...........#,*
,,,,**,,,,,.#..##~~##.......#.#,*
,,,***,,,,,.#..#≈~~~#.........#,*
,,,* *,,,,,,#..#≈≈~~###.#.#####,*
******,,,,,,*..#≈~~~#..........,*


You could see a kobold brigand and a kobold.

Vanquished Creatures
  A kobold brigand (D:3)
  A sleepcap (D:3)
  5 adders
  A dart slug (D:3)
  A ribbon worm (D:3)
  7 orcs
  2 ball pythons
  5 endoplasms
  A giant cockroach (D:2)
  3 goblins (D:2)
  8 hobgoblins
  6 jackals
  5 bats
  2 frilled lizards (D:2)
  9 kobolds
  A quokka zombie (D:2)
  3 rats (D:1)
61 creatures vanquished.

Vanquished Creatures (collateral kills)
  A foxfire (D:2)
1 creature vanquished.

Vanquished Creatures (others)
  166 foxfires
166 creatures vanquished.

Grand Total: 228 creatures vanquished

Notes
Turn   | Place    | Note
-------+----------+-------------------------------------------
     0 | D:1      | hawla the Deep Elf Fire Elementalist began the quest for
                  | the Orb.
     0 | D:1      | Reached XP level 1. HP: 10/10 MP: 6/6
   143 | D:1      | Reached skill level 1 in Fighting
   270 | D:1      | Reached XP level 2. HP: 16/16 MP: 6/8
   478 | D:1      | Found a faded altar of an unknown god.
   871 | D:2      | Reached XP level 3. HP: 21/21 MP: 5/9
  1252 | D:2      | Reached skill level 1 in Evocations
  1328 | D:2      | Reached XP level 4. HP: 26/26 MP: 5/10
  1331 | D:2      | Learned a level 2 spell: Scorch
  1557 | D:3      | Learned a level 4 spell: Flame Wave
  1971 | D:3      | Reached XP level 5. HP: 30/30 MP: 3/11
  2124 | D:3      | HP: 1/30 [poisoned by a kobold brigand (curare-tipped
                  | dart)]
  2124 | D:3      | Slain by a kobold brigand

Illustrated notes

Levels and vault maps discovered:
D:1:      minmay_arrival_plants_in_alcoves, layout_basic,
          shapermc_ecumenical_altar_acropolis, roderic_roman_lattice
D:2:      layout_rooms, serial_undead, serial_undead_b, serial_undead_a,
          serial_undead_b, serial_undead_e, kennysheep_decorative_pillar
D:3:      cheibrodos_thug_alley, layout_basic

Skill      XL: |  1  2  3  4  5 |
---------------+----------------+-----
Fighting       | 1 2 |  2.0
Stealth        | 3 4 |  4.0
Evocations     | 1 3 4 |  4.4
Dodging        | |  2.4
Spellcasting   | |  3.0
Conjurations   | |  1.1
Fire Magic     | |  3.2

Action                     |  1- 3 |  4- 6 || total
---------------------------+-------+-------++-------
  Melee: Unarmed           |     2 |       ||     2
         Staff             |     8 |     2 ||    10
   Cast: Foxfire           |    57 |    40 ||    97
         Scorch            |       |     9 ||     9
    Use: Potion            |     1 |     1 ||     2
         Scroll            |       |     8 ||     8
 Armour: Robe              |    19 |    16 ||    35
  Dodge: Dodged            |    20 |    13 ||    33
